Map: Blackpink LE

Players

Majestuoso (MajeStic)

  • Race: Protoss Protoss
  • Spawn Location: 1:00

Serral - Winner!

  • Race: Zerg Zerg
  • League: Grandmaster
  • Spawn Location: 7:00

Event: WESG Barcelona European Finals 2017

VOD

Have the link to the VOD?

Description

Time

  • Played on: Nov. 25, 2017, 6:16 a.m.
  • Length: 7:19

All games in this series

Show
View Real Time Build Order
Export as new Build Order

Majestuoso Protoss 

Build Orders: 1 Gate Expand, Zealot Archon, Archon Drop, Dark Templar Rush 

Get SALT Encoding   

  12  0:00  Probe  
  13  0:12  Probe  
  14  0:19  Pylon  
  14  0:24  Probe  
  15  0:37  Probe (Chrono Boost)  
  15  0:41  Gateway  
  16  0:48  Assimilator  
  16  0:49  Probe (Chrono Boost)  
  17  0:55  Probe (Chrono Boost)  
  18  1:03  Probe (Chrono Boost)  
  20  1:15  Probe (Chrono Boost)  
  20  1:24  Nexus  
  20  1:34  Cybernetics Core  
  20  1:37  Probe  
  21  1:42  Assimilator  
  21  1:49  Probe  
  22  1:55  Pylon  
  23  2:01  Probe (Chrono Boost)  
  23  2:13  Warp Gate, Adept  
  26  2:16  Probe (Chrono Boost)  
  26  2:20  Probe (Chrono Boost)  
  27  2:23  Twilight Council  
  27  2:35  Probe (Chrono Boost)  
  27  2:36  Probe (Chrono Boost)  
  31  2:47  Probe x2 (Chrono Boost)  
  31  2:51  Probe, Robotics Facility  
  32  2:54  Probe  
  33  3:05  Dark Shrine  
  34  3:06  Probe (Chrono Boost)  
  34  3:07  Probe (Chrono Boost)  
  35  3:18  Gateway  
  35  3:19  Probe (Chrono Boost)  
  37  3:22  Probe x2 (Chrono Boost)  
  38  3:27  Probe  
  38  3:33  Probe  
  40  3:35  Gateway  
  40  3:36  Gateway  
  40  3:39  Probe  
  41  3:46  Warp Prism (Chrono Boost)  
  41  3:48  Probe  
  44  3:52  Pylon  
  44  3:53  Probe  
  45  3:58  Assimilator  
  45  4:00  Probe, Assimilator  
  46  4:10  Probe  
  46  4:15  Nexus  
  47  4:20  Probe  
  47  4:22  Blink (Chrono Boost)  
  48  4:26  Probe  
  48  4:28  Pylon  
  49  4:44  Pylon, Dark Templar x2  
  53  4:47  Sentry x2  
  53  4:50  Probe  
  58  4:59  Gateway  
  58  5:00  Gateway  
  58  5:08  Archon  
  58  5:12  Gateway, Dark Templar  
  58  5:14  Gateway, Dark Templar  
  62  5:20  Archon  
  62  5:29  Sentry x2, Pylon  
  62  5:30  Pylon  
  62  5:31  Pylon  
  66  5:42  Pylon  
  66  5:49  Stalker x2  
  70  5:53  Stalker x2  
  74  6:05  Pylon  
  74  6:08  Warp Prism  
  76  6:13  Adept  
  78  6:18  Pylon, Cybernetics Core  
  78  6:19  Stalker x2  
  82  6:32  Pylon  
  82  6:33  Zealot x2  
  82  6:34  Zealot x2  
  82  6:46  Zealot x6  
  82  6:47  Zealot x2  
  98  7:05  Stalker x4  
  98  7:06  Stalker  
Show
View Real Time Build Order
Export as new Build Order

Serral Zerg - Winner!

Build Orders: Hatch First 

Get SALT Encoding   

  12  0:00  Drone  
  13  0:13  Overlord  
  13  0:16  Drone  
  14  0:32  Drone x2  
  16  0:48  Hatchery  
  15  0:51  Drone  
  15  0:55  Drone  
  17  0:58  Drone  
  18  1:05  Extractor  
  17  1:14  Spawning Pool  
  17  1:17  Drone  
  17  1:20  Drone  
  18  1:29  Drone  
  19  1:39  Overlord  
  19  1:51  Drone  
  20  2:01  Zergling x4, Queen  
  22  2:02  Queen  
  22  2:07  Metabolic Boost  
  26  2:11  Drone  
  26  2:14  Drone  
  28  2:22  Drone  
  29  2:24  Drone  
  30  2:37  Hatchery  
  30  2:39  Drone  
  30  2:46  Queen  
  30  2:50  Overlord  
  32  2:54  Drone  
  32  2:55  Drone  
  32  2:58  Drone  
  35  3:04  Drone  
  36  3:10  Drone x2  
  36  3:11  Overlord  
  36  3:12  Drone  
  39  3:13  Drone  
  39  3:16  Drone  
  39  3:18  Drone  
  43  3:20  Drone  
  43  3:22  Drone  
  44  3:31  Queen, Spore Crawler  
  44  3:33  Drone  
  46  3:34  Drone  
  46  3:40  Lair  
  47  3:42  Drone  
  47  3:47  Drone x2  
  50  3:49  Drone x2  
  50  3:53  Queen  
  54  3:59  Drone x2  
  54  4:00  Extractor  
  54  4:01  Extractor  
  54  4:02  Drone x2  
  56  4:04  Drone  
  56  4:05  Drone  
  56  4:09  Overlord  
  58  4:19  Overlord  
  58  4:24  Overlord x2  
  58  4:28  Zergling x12  
  64  4:34  Zergling x4  
  64  4:38  Overseer  
  66  4:39  Hydralisk Den  
  66  4:40  Zergling x4  
  66  4:41  Zergling x4  
  69  4:51  Zergling x8  
  73  4:55  Drone  
  73  4:56  Drone  
  73  4:58  Drone  
  73  4:59  Drone  
  77  5:04  Overlord  
  77  5:06  Drone x4  
  77  5:07  Drone  
  82  5:10  Overlord  
  82  5:12  Overlord  
  82  5:13  Drone  
  83  5:17  Muscular Augments, Overlord  
  83  5:18  Extractor  
  80  5:21  Overlord  
  80  5:23  Hydralisk  
  80  5:26  Hydralisk  
  84  5:30  Hydralisk  
  84  5:31  Hydralisk  
  88  5:36  Hydralisk x2  
  88  5:42  Overseer, Overlord x2  
  92  5:48  Hydralisk x2  
  93  6:02  Hydralisk x4  
  99  6:12  Hydralisk x3  
  105  6:21  Hydralisk x2  
  105  6:22  Zergling x10  
  105  6:25  Queen x2  
  118  6:28  Queen  
  118  6:41  Hydralisk x2  
  118  6:42  Hydralisk, Zergling x8  
  118  6:43  Zergling x4  
  118  6:46  Hydralisk  
  123  6:55  Hydralisk  
Tags
 
Add a new tag
Caveats
  • Supply blocks, unpowered buildings, or Contaminate may cause inaccurate times.
  • Supply counts are checked every 10 seconds.